 Dungeon Crawl Stone Soup version 0.28.0-1-gb440e238dd (webtiles) character file.

Game seed: 17175995277406726038

1320 Bamboolord the Zephyrmancer (level 8, -11/41 HPs)
             Began as a Tengu Air Elementalist on Feb 24, 2022.
             Was an Initiate of Vehumet.
             Killed from afar by an orc (22 damage)
             ... with a bolt of acid
             ... on level 5 of the Dungeon.
             The game lasted 00:18:41 (7106 turns).

Bamboolord the Zephyrmancer (TeAE)                  Turns: 7106, Time: 00:18:42

Health: -11/41     AC:  6    Str:  8    XL:     8   Next: 59%
Magic:  0/17       EV: 17    Int: 19    God:    Vehumet [......]
Gold:   177        SH:  0    Dex: 20    Spells: 8/18 levels left

rFire   + . .      SeeInvis .   (no weapon)
rCold   . . .      Faith    .   (no shield)
rNeg    . . .      Spirit   .   a - +1 robe
rPois   .          Reflect  .   (helmet restricted)
rElec   .          Harm     .   l - +2 cloak
rCorr   .          Rampage  .   (no gloves)
Will    .....                   (boots unavailable)
Stlth   +++.......              (no amulet)
HPRegen 0.13/turn               c - +6 ring of dexterity
MPRegen 0.15/turn               f - ring of protection from fire

@: flying quickly and evasively, quick
A: beak, talons 3, nimble flight
a: Renounce Religion


You were on level 5 of the Dungeon.
You worshipped Vehumet.
Vehumet was noncommittal.
You visited 2 branches of the dungeon, and saw 6 of its levels.

You collected 177 gold pieces.

Inventory:

Armour
 a - a +1 robe (worn)
 l - a +2 cloak (worn)
 m - an orb of energy
 n - a +0 buckler
Jewellery
 c - a +6 ring of dexterity (left hand)
 f - a ring of protection from fire (right hand)
Potions
 b - 2 potions of degeneration {unknown}
 d - 2 potions of curing
 e - 2 potions of brilliance
 g - 2 potions of haste
 h - 2 potions of invisibility
 i - 3 potions of mutation {unknown}
 j - a potion of ambrosia {unknown}
 k - a potion of attraction {unknown}


   Skills:
 * Level 4.0 Dodging
 + Level 2.9 Stealth
 * Level 5.5 Spellcasting
 * Level 5.5 Conjurations
 * Level 9.1 Air Magic


You had 8 spell levels left.
You knew the following spells:

 Your Spells              Type           Power      Damage    Failure   Level
a - Shock                 Conj/Air       100%       1d9       1%          1
b - Static Discharge      Conj/Air       33%        N/A       1%          2
c - Swiftness             Air            40%        N/A       1%          3
d - Airstrike             Air            20%        N/A       2%          4

Your spell library contained the following spells:

 Spells                   Type           Power      Damage    Failure   Level
 Ozocubu's Armour         Ice            5%         N/A       34%         3
 Ozocubu's Refrigeration  Ice            2%         4d5       100%        7


Dungeon Overview and Level Annotations

Branches:
Dungeon (5/15)             Temple (1/1) D:5

Altars:
Ashenzari
Elyvilon
Gozag
Kikubaaqudgha
Makhleb
Nemelex Xobeh
Qazlal
Ru
Sif Muna
Trog
Uskayaw
Vehumet
Wu Jian
Yredelemnul
Zin
The Shining One
Beogh

Shops:
D:5 (


Innate Abilities, Weirdness & Mutations

You have a beak for a mouth.
You have claws for feet.
Your magical nature lets you fly swiftly and evasively.


Message History

You hit the iguana but do no damage. Your peck misses the iguana.
The iguana is heavily wounded.
The iguana bites you.
You hit the iguana but do no damage. Your peck misses the iguana.
The iguana is heavily wounded.
The iguana closely misses you.
You closely miss the iguana. Your peck misses the iguana.
The iguana is heavily wounded.
The iguana bites you but does no damage.
You hit the iguana but do no damage. You peck the iguana, but do no damage.
The iguana is heavily wounded.
The iguana misses you.
You barely miss the iguana. You peck the iguana.
The iguana is severely wounded.
An orc comes into view.
It is wielding a +0 spear and wearing a +2 leather armour of positive energy.
The iguana barely misses you.
You barely miss the iguana.
The iguana is severely wounded.
The orc shouts!
You hear a shout! x2
The iguana barely misses you.
You barely miss the iguana. You claw the iguana.
The iguana is almost dead.
The iguana bites you!
An orc comes into view.
It is wielding a +0 club, quivering poisoned darts and carrying a wand of acid (2).
There is a staircase to the Ecumenical Temple here.
The orc throws a poisoned dart.
The poisoned dart completely misses you.
The iguana bites you.
Found a dagger.
Casting: Static Discharge (safe; 1% risk of failure)
Confirm with . or Enter, or press ? or * to list all spells.
The iguana is struck by an arc of lightning.
You kill the iguana!
Vehumet accepts your kill.
You are struck by an arc of lightning.
* * * LOW HITPOINT WARNING * * *
Your Dodging skill increases to level 4!
The orc zaps a wand.
The bolt of acid hits you!!
Ouch! That really hurt!
You die...

#.............o.##.##........
#.....###...........#........
#.....# #.....#..>...#....###
#.....# #>...###..........#
#.....# #....###o.####......#
#.....# #....##.o#### #.....#
#.....# #...##..#...# .....#
#..... #..#................#
#...@..##...).......#
#.....## ...... ... #######
†.)... ...... ...


You could see 2 orcs.

Vanquished Creatures
  A water moccasin (D:5)
  3 black bears
  An ogre (D:4)
  A necrophage (D:5)
  A water moccasin zombie (D:5)
  2 scorpions
  A quasit (D:5)
  2 hounds (D:5)
  2 orc priests
  Crazy Yiuf (D:5)
  A centaur skeleton (D:5)
  Terence (D:2)
  2 iguanas (D:5)
  3 orc wizards
  A hound skeleton (D:4)
  7 adders
  4 gnolls
  A shadow imp (D:5)
  2 ufetubi
  3 dart slugs
  19 orcs
  2 ball pythons
  5 endoplasms
  7 giant cockroaches
  10 goblins
  3 hobgoblins
  10 jackals
  5 kobolds
  2 quokkas
  5 bats
  A frilled lizard (D:1)
  2 goblin zombies (D:5)
  3 hobgoblin zombies (D:5)
  2 kobold skeletons (D:5)
  A kobold zombie (D:5)
  5 rats
122 creatures vanquished.

Vanquished Creatures (others)
  A fungus (D:3)
1 creature vanquished.

Grand Total: 123 creatures vanquished

Notes
Turn   | Place    | Note
-------+----------+-------------------------------------------
     0 | D:1      | Bamboolord the Tengu Air Elementalist began the quest for
                  | the Orb.
     0 | D:1      | Reached XP level 1. HP: 10/10 MP: 4/4
    45 | D:1      | Reached XP level 2. HP: 15/15 MP: 0/6
   187 | D:1      | Learned a level 2 spell: Static Discharge
   316 | D:1      | Reached XP level 3. HP: 17/19 MP: 0/7
   487 | D:1      | Found a faded altar of an unknown god.
  1099 | D:2      | Learned a level 3 spell: Swiftness
  1232 | D:2      | Reached XP level 4. HP: 16/24 MP: 3/9
  1397 | D:2      | Reached skill level 5 in Air Magic
  1767 | D:2      | Gained mutation: Your magical nature lets you fly swiftly
                  | and evasively. [Tengu growth]
  1767 | D:2      | Reached XP level 5. HP: 5/28 MP: 1/10
  1858 | D:2      | Noticed Terence
  1914 | D:2      | Killed Terence
  2494 | D:2      | Learned a level 4 spell: Airstrike
  3340 | D:3      | Found a sacrificial altar of Ru.
  3907 | D:4      | Noticed an ogre
  3930 | D:4      | Killed an ogre
  3931 | D:4      | Reached XP level 6. HP: 32/32 MP: 4/12
  4462 | D:4      | Reached skill level 6 in Air Magic
  4649 | D:4      | Found an ornate altar of the Wu Jian Council.
  5340 | D:5      | Entered Level 5 of the Dungeon
  5340 | D:5      | Noticed a black bear
  5342 | D:5      | Killed a black bear
  5343 | D:5      | Reached skill level 7 in Air Magic
  5343 | D:5      | Reached XP level 7. HP: 36/36 MP: 5/14
  5536 | D:5      | Found a bloodstained altar of Trog.
  5697 | D:5      | Found an opulent altar of Gozag.
  5764 | D:5      | Found a broken altar of Ashenzari.
  5773 | D:5      | Reached skill level 5 in Conjurations
  5773 | D:5      | Reached skill level 8 in Air Magic
  5773 | D:5      | Reached XP level 8. HP: 41/41 MP: 4/16
  5931 | D:5      | Reached skill level 5 in Spellcasting
  6192 | D:5      | Found a runed translucent door.
  6193 | D:5      | Noticed Crazy Yiuf
  6207 | D:5      | Found Lyrimoqo's Weapon Emporium.
  6221 | D:5      | Killed Crazy Yiuf
  6828 | D:5      | Found a glowing golden altar of the Shining One.
  6950 | D:5      | Found a staircase to the Ecumenical Temple.
  6972 | Temple   | Entered the Ecumenical Temple
  7016 | Temple   | Became a worshipper of Vehumet
  7061 | D:5      | Reached skill level 9 in Air Magic
  7106 | D:5      | Killed from afar by an orc

Illustrated notes

Levels and vault maps discovered:
D:1:      dpeg_arrival_boxorama, layout_basic,
          hellmonk_ecumenical_altar_defaced_shrine, minmay_circled_x
D:2:      layout_basic, uniq_terence
D:3:      layout_basic, nicolae_ru_the_path_less_chosen,
          minmay_misc_feat_encased
D:4:      layout_basic, marbit_many_paths
D:5:      layout_basic, evilmike_ruin_ashenzari, grunt_gozag_statues,
          trog_ov_bears_minmay, nicolae_tso_besieged_by_evil,
          minmay_temple_entry_wispy, serial_shops, nicolae_shop_crystal,
          uniq_crazy_yiuf_cottage
Temple:   cyrus_temple_forest

Skill      XL: |  1  2  3  4  5  6  7  8 |
---------------+-------------------------+-----
Conjurations   | 2 3 4 5 |  5.5
Air Magic      | 5 7 8 9 |  9.1
Spellcasting   | 3 4 5 |  5.5
Dodging        | 3 4 |  4.0
Stealth        | |  2.9

Action                   |  1- 3 |  4- 6 |  7- 9 || total
-------------------------+-------+-------+-------++-------
Melee: Unarmed           |     3 |     5 |    20 ||    28
       Kick              |     3 |     1 |     8 ||    12
       Peck              |     1 |     1 |     6 ||     8
 Cast: Shock             |    51 |   123 |    32 ||   206
       Static Discharge  |     5 |    23 |     5 ||    33
       Airstrike         |       |     8 |    38 ||    46
  Use: Scroll            |     2 |     6 |     1 ||     9
Armor: Robe              |     1 |     8 |     7 ||    16
Dodge: Dodged            |     6 |    21 |    36 ||    63
